 Dungeon Crawl Stone Soup version 0.28-a0-769-g550dbda0cd (webtiles) character file.

Game seed: 4268288772284375129

5269 funkygono the Arsonist (level 10, -4/52 HPs)
             Began as a Gargoyle Fire Elementalist on Oct 31, 2021.
             Was a Believer of Vehumet.
             Slain by a yak (12 damage)
             ... on level 9 of the Dungeon.
             The game lasted 00:25:21 (9940 turns).

funkygono the Arsonist (Gargoyle Fire Elementalist) Turns: 9940, Time: 00:25:22

Health: -4/52      AC: 18    Str: 11    XL:     10   Next: 62%
Magic:  20/22      EV: 11    Int: 20    God:    Vehumet [**....]
Gold:   339        SH:  0    Dex: 16    Spells: 11/26 levels left

rFire   . . .      SeeInvis .   e - +1 whip (vamp)
rCold   . . .      Faith    .   (no shield)
rNeg    + . .      Spirit   .   F - +0 acid dragon scales
rPois   ∞          Reflect  .   y - +1 helmet
rElec   +          Harm     .   (no cloak)
rCorr   +          Rampage  .   (no gloves)
Will    +....                   E - +1 pair of boots
Stlth   ++........              q - amulet of magic regeneration
HPRegen 0.17/turn               k - +6 ring of dexterity
MPRegen 0.43/turn               x - ring of willpower

@: no status effects
A: sickness immunity, AC +7, negative energy resistance 1, electricity
resistance, torment resistance 1, petrification resistance
a: Renounce Religion


You were on level 9 of the Dungeon.
You worshipped Vehumet.
Vehumet was pleased with you.
You visited 2 branches of the dungeon, and saw 10 of its levels.

You collected 564 gold pieces.
You spent 225 gold pieces at shops.

Inventory:

Hand Weapons
 c - a +0 whip
 e - a +1 vampiric whip (weapon)
 t - a +0 flail of holy wrath
 K - a +3 dire flail
Missiles
 j - 312 stones
 u - a throwing net
Armour
 a - a +0 robe
 b - a +0 kite shield
 g - a +0 scale mail
 p - a +0 leather armour
 r - a scarf of harm
 v - the +5 chain mail "Kesch" {Harm rF+++ rC- Str+3}
   (You found it on level 6 of the Dungeon)

   Str:       It affects your strength (+3).
   rF:        It renders you almost immune to fire.
   rC:        It makes you vulnerable to cold.
   Harm:      It increases damage dealt and taken.
 w - +0 steam dragon scales
 y - a +1 helmet (worn)
 E - a +1 pair of boots (worn)
 F - +0 acid dragon scales (worn)
 G - a +2 kite shield
 M - the +1 leather armour "Cexku" {rC+}
   (You found it on level 9 of the Dungeon)

   rC:        It protects you from cold.
Jewellery
 k - a +6 ring of dexterity (left hand)
 q - an amulet of magic regeneration (around neck)
 x - a ring of willpower (right hand)
 H - a ring of magical power
 I - an amulet of the acrobat
Wands
 d - a wand of flame (15)
 s - a wand of digging (3)
 B - a wand of polymorph (15)
 L - a wand of iceblast (5)
Scrolls
 i - 4 scrolls of teleportation
 C - 4 scrolls of identify
Potions
 f - a potion of attraction
 h - 2 potions of heal wounds
 l - a potion of ambrosia
 m - a potion of mutation
 n - 3 potions of haste
 o - a potion of might
 z - a potion of magic
 A - 2 potions of flight
 D - a potion of curing
 J - 2 potions of brilliance {unknown}


   Skills:
 + Level 1.5 Fighting
 + Level 1.2 Maces & Flails
 * Level 2.8 Armour
 + Level 2.1 Dodging
 - Level 2.1 Stealth
 * Level 8.8 Spellcasting
 * Level 7.2 Conjurations
 * Level 9.5 Fire Magic
 * Level 3.9 Earth Magic


You had 11 spell levels left.
You knew the following spells:

 Your Spells              Type           Power      Damage    Failure   Level
a - Foxfire               Conj/Fire      100%       2x1d9     1%          1
b - Scorch                Fire           94%        2d9       1%          2
c - Conjure Flame         Conj/Fire      42%        6-21      1%          3
d - Flame Wave            Conj/Fire      42%        3d8       3%          4
e - Sandblast             Erth           48%        2d12      2%          1
f - Sticky Flame          Conj/Fire      42%        2d6       3%          4

Your spell library contained the following spells:

 Spells                   Type           Power      Damage    Failure   Level
 Ignite Poison            Fire/Tmut/Pois 21%        N/A       10%         3
 Magic Dart               Conj           100%       1d8       1%          1
 Static Discharge         Conj/Air       23%        N/A       4%          2
 Inner Flame              Hex/Fire       27%        N/A       4%          3
 Mephitic Cloud           Conj/Pois/Air  18%        N/A       13%         3
 Call Imp                 Summ           8%         N/A       19%         2
 Tukima's Dance           Hex            8%         N/A       34%         3
 Dispel Undead            Necr           8%         3d8       75%         4
 Passage of Golubria      Tloc           8%         N/A       75%         4
 Yara's Violent Unravell  Hex/Tmut       4%         3d4       97%         5


Dungeon Overview and Level Annotations

Branches:
Dungeon (9/15)             Temple (1/1) D:4
   Lair: D:8-11         Orc: D:9-12

Altars:
Ashenzari
Cheibriados
Dithmenos
Elyvilon
Fedhas
Gozag
Hepliaklqana
Kikubaaqudgha
Makhleb
Nemelex Xobeh
Okawaru
Qazlal
Ru
Sif Muna
Trog
Uskayaw
Vehumet
Wu Jian
Xom
Yredelemnul
Zin
The Shining One

Shops:
D:6 *   D:8 (?*:   D:9 *[


Innate Abilities, Weirdness & Mutations

You are immune to sickness and miasma.
Your stone body is resilient. (AC +7)
You are immune to poison.
You resist negative energy. (rN+)
You are resistant to electric shocks. (rElec)
You are resistant to unholy torment.
You are immune to petrification.


Message History

The yak is heavily wounded.
The yak closely misses you.
A two-headed ogre comes into view.
It is wielding a +0 dire flail and a +0 giant club.
The two-headed ogre shouts in stereo!
You hit the yak.
You feel better.
The yak is heavily wounded.
The yak gores you!
You hit the yak.
You feel better.
The yak is heavily wounded.
The yak gores you!
You hit the yak but do no damage.
The yak is heavily wounded.
The wight is no longer more vulnerable to fire.
The yak gores you!
You hit the yak but do no damage.
The yak is heavily wounded.
The yak barely misses you.
Casting: Scorch (safe; 1% risk of failure)
Confirm with . or Enter, or press ? or * to list all spells.
You conjure some foxfire!
The yak gores you but does no damage.
Your foxfire dissipates!
Casting: Foxfire (safe; 1% risk of failure)
Confirm with . or Enter, or press ? or * to list all spells.
You conjure some foxfire!
The yak gores you.
The foxfire hits the yak but does no damage.
The yak is heavily wounded.
The foxfire hits the yak!
The yak is severely wounded.
Casting: Foxfire (safe; 1% risk of failure)
Confirm with . or Enter, or press ? or * to list all spells.
You conjure some foxfire!
The yak gores you!
* * * LOW HITPOINT WARNING * * *
Casting: Foxfire (safe; 1% risk of failure)
Confirm with . or Enter, or press ? or * to list all spells.
You conjure some foxfire!
The foxfire hits the yak.
The yak is severely wounded.
The foxfire hits the yak.
The yak is almost dead.
The yak gores you!
You die...

.# .# #§§§§§8§# .#
#.# #....§§§# ## ..#
#....§§§# ###.#
#..))...# ##..#
#).^....# ...#
#.......# ##.########
#.......#
.#........###).v.v..#
....#####.......@.###
##..# ####.#..Y.#
#..## ###....#.##
##...####....###.#
#..#..##..##.# #.#
#.###........# #.#
..# #.....#### #.#
######....## #z#
##.........# #.#


You could see a yak (ally target) and a wight.

Vanquished Creatures
  A two-headed ogre (D:8)
  Maggie (D:8)
  Psyche (D:8)
  Grinder (D:5)
  Sigmund (D:5)
  Eustachio (D:4)
  Grum (D:9)
  2 steam dragons
  Duvessa (D:5)
  A water moccasin (D:5)
  An orc warrior (D:9)
  A sky beast (D:7)
  3 ice beasts
  2 black bears
  3 ogres
  4 wolves (D:9)
  3 centaurs
  2 bullfrogs (D:8)
  4 scorpions
  Dowan (D:5)
  A wyvern zombie (D:6)
  A water moccasin zombie (D:6)
  A wyvern skeleton (D:5)
  3 wights (D:9)
  A hound (D:4)
  A centaur zombie (D:9)
  A bullfrog zombie (D:5)
  3 bullfrog skeletons
  4 orc priests
  Jessica (D:3)
  5 orc wizards
  2 killer bee zombies (D:8)
  A hound skeleton (D:5)
  2 mummies
  A howler monkey zombie (D:8)
  12 gnolls
  A howler monkey skeleton (D:6)
  5 adders
  A white imp (D:8)
  2 ufetubi (D:5)
  An adder skeleton (D:4)
  2 worms (D:3)
  4 dart slugs
  25 orcs
  5 bats
  3 endoplasms
  4 giant cockroaches
  4 goblins
  13 hobgoblins
  10 kobolds
  4 ball pythons (D:1)
  6 frilled lizards
  A hobgoblin zombie (D:4)
  A kobold zombie (D:4)
  4 rats
171 creatures vanquished.

Vanquished Creatures (collateral kills)
  8 foxfires
8 creatures vanquished.

Vanquished Creatures (others)
  19 demonic plants (D:1)
  791 foxfires
  9 fungi (D:1)
  10 plants
  6 withered plants (D:1)
835 creatures vanquished.

Grand Total: 1014 creatures vanquished

Notes
Turn   | Place    | Note
-------+----------+-------------------------------------------
     0 | D:1      | funkygono the Gargoyle Fire Elementalist began the quest
                  | for the Orb.
     0 | D:1      | Reached XP level 1. HP: 10/10 MP: 3/3
    19 | D:1      | Found a faded altar of an unknown god.
   132 | D:1      | Reached XP level 2. HP: 14/15 MP: 3/5
   135 | D:1      | Learned a level 2 spell: Scorch
  1229 | D:2      | Reached XP level 3. HP: 19/19 MP: 3/6
  1234 | D:2      | Learned a level 3 spell: Conjure Flame
  1738 | D:2      | Found an ancient bone altar of Kikubaaqudgha.
  1777 | D:2      | Reached skill level 4 in Fire Magic
  2196 | D:3      | Reached skill level 1 in Maces & Flails
  2196 | D:3      | Reached XP level 4. HP: 22/24 MP: 2/7
  2229 | D:3      | HP: 1/24 [gnoll (2)]
  2533 | D:3      | Noticed an ogre
  2539 | D:3      | Killed an ogre
  2540 | D:3      | Reached XP level 5. HP: 28/28 MP: 2/9
  2668 | D:3      | Found a basalt altar of Yredelemnul.
  2863 | D:3      | Reached XP level 6. HP: 32/32 MP: 6/10
  2984 | D:3      | Reached skill level 5 in Fire Magic
  3124 | D:3      | Noticed Jessica
  3127 | D:3      | Killed Jessica
  3136 | D:3      | Found an ornate altar of the Wu Jian Council.
  3243 | D:3      | Learned a level 4 spell: Flame Wave
  3283 | D:4      | Found a staircase to the Ecumenical Temple.
  3364 | D:4      | You fall into a shaft and drop 3 floors!
  3415 | D:6      | Reached XP level 7. HP: 29/36 MP: 7/13
  3543 | D:6      | Identified the +5 chain mail "Kesch" {Harm rF+++ rC- Str+3}
  3559 | D:6      | Found Ciuwneha's Gadget Gallery.
  3730 | D:5      | Entered Level 5 of the Dungeon
  3742 | D:4      | Found a stormy altar of Qazlal.
  3742 | D:4      | Found a blossoming altar of Fedhas.
  3944 | D:4      | Noticed Eustachio
  3959 | D:4      | Killed Eustachio
  3960 | D:4      | Reached skill level 6 in Fire Magic
  4015 | Temple   | Entered the Ecumenical Temple
  4076 | Temple   | Became a worshipper of Vehumet
  4138 | D:4      | Found a burning altar of Makhleb.
  4806 | D:4      | Reached XP level 8. HP: 42/42 MP: 12/15
  4926 | D:4      | Reached skill level 5 in Spellcasting
  5049 | D:5      | Noticed Sigmund
  5055 | D:5      | Killed Sigmund
  5082 | D:5      | Noticed Grinder
  5088 | D:5      | Killed Grinder
  5089 | D:5      | Reached skill level 5 in Conjurations
  5094 | D:5      | Reached skill level 7 in Fire Magic
  5159 | D:5      | Reached * piety under Vehumet
  5159 | D:5      | Offered knowledge of Sandblast by Vehumet.
  5163 | D:5      | Noticed Duvessa
  5168 | D:5      | Noticed Dowan
  5474 | D:5      | Killed Duvessa
  5483 | D:5      | Killed Dowan
  5492 | D:5      | Reached XP level 9. HP: 17/46 MP: 6/18
  6142 | D:5      | Found a hazy altar of Hepliaklqana.
  6329 | D:5      | Learned a level 1 spell: Sandblast
  6804 | D:7      | Reached skill level 1 in Earth Magic
  6958 | D:7      | Found a snail-covered altar of Cheibriados.
  7089 | D:7      | Reached skill level 8 in Fire Magic
  7339 | D:7      | Reached skill level 1 in Armour
  7443 | D:7      | Found a sparkling altar of Nemelex Xobeh.
  7653 | D:8      | Offered knowledge of Poisonous Vapours by Vehumet.
  7939 | D:8      | Noticed Psyche
  7947 | D:8      | Killed Psyche
  8006 | D:8      | Found an iron altar of Okawaru.
  8027 | D:8      | Found Sugiuhirgh's Book Boutique.
  8095 | D:8      | Found Haurghuwk's Assorted Antiques.
  8100 | D:8      | Bought a pair of glowing boots for 225 gold pieces
  8180 | D:8      | Found Pulim's Magic Scroll Boutique.
  8216 | D:8      | Reached ** piety under Vehumet
  8246 | D:8      | Noticed Maggie
  8253 | D:8      | Killed Maggie
  8254 | D:8      | Reached XP level 10. HP: 22/51 MP: 16/22
  8442 | D:8      | Reached skill level 1 in Fighting
  8499 | D:8      | Noticed a two-headed ogre
  8513 | D:8      | Killed a two-headed ogre
  8514 | D:8      | Reached skill level 9 in Fire Magic
  8589 | D:8      | Found Bomariur's Assorted Antiques.
  8658 | D:8      | Found Eclackesch's Weapon Shoppe.
  8962 | D:9      | Found Weupp's Changing Room.
  8971 | D:9      | Noticed Grum
  9204 | D:9      | Killed Grum
  9568 | D:9      | Learned a level 4 spell: Sticky Flame
  9591 | D:9      | Found a snail-covered altar of Cheibriados.
  9591 | D:9      | Found Cheibriados's Comfort Zone.
  9761 | D:9      | Identified the +1 leather armour "Cexku" {rC+}
  9850 | D:9      | Offered knowledge of Ignite Poison by Vehumet.
  9924 | D:9      | Noticed a two-headed ogre
  9940 | D:9      | Slain by a yak

Illustrated notes

Levels and vault maps discovered:
D:1:      ebering_hopf_link, layout_loops_ring, shapermc_ecumenical_altar_gd
D:2:      layout_loops_ring, basic_altar, minmay_tromino_mix6
D:3:      layout_loops_ring, pdpol_wu_jian_five_deadly_venoms,
          lemuel_crystal_altar, kennysheep_generic_room_6, uniq_jessica
D:4:      cheibrodos_greedy_goblins, layout_gridville, bloody_makhleb,
          grunt_temple_overflow_forces_of_nature, minmay_temple_entry_mist,
          nicolae_ossuary_entry_giza, uniq_eustachio
D:5:      layout_gridville, nicolae_hepliaklqana_hazy_memory, uniq_grinder,
          uniq_duvessa, uniq_sigmund
D:6:      wander_river, layout_cave_pools, hangedman_abyss_or_decor_stagger,
          hangedman_abyss_or_decor_passed, nicolae_shop_gadgets
D:7:      layout_loops_ring, slow_altar_1, nemelex_dance_club_becter,
          amethyst_killhole
D:8:      layout_basic, okawaru_gym_becter, serial_shops, shop,
          nicolae_lakefront_shop, kennysheep_mini_moat, nicolae_shop_crystal,
          kennysheep_little_box, uniq_maggie, uniq_psyche
D:9:      layout_rooms, nicolae_transmutations_shop, statue_in_the_mist_lemuel,
          minmay_shop_chei, uniq_grum
Temple:   dshaligram_water_room_temple

Skill      XL: |  1  2  3  4  5  6  7  8  9 10 |
---------------+-------------------------------+-----
Conjurations   | 2 3 4 5 6 7 |  7.2
Fire Magic     | 4 5 6 7 8 9 |  9.5
Maces & Flails | 1 |  1.2
Spellcasting   | 3 4 6 8 |  8.8
Dodging        | 2 |  2.1
Earth Magic    | 3 |  3.9
Armour         | 2 |  2.8
Fighting       | 1 |  1.5
Stealth        | |  2.1

Action                   |  1- 3 |  4- 6 |  7- 9 | 10-12 || total
-------------------------+-------+-------+-------+-------++-------
Melee: Club              |     4 |       |       |       ||     4
       Whip              |    71 |    18 |     9 |     8 ||   106
       Unarmed           |       |       |     6 |       ||     6
 Cast: Foxfire           |    58 |    87 |   236 |    82 ||   463
       Scorch            |     1 |     6 |    29 |    14 ||    50
       Flame Wave        |       |       |       |     3 ||     3
       Conjure Flame     |       |       |       |     1 ||     1
  Use: Potion            |       |     1 |     4 |       ||     5
       Scroll            |       |       |    15 |     1 ||    16
Armor: Robe              |    11 |     6 |     7 |       ||    24
       Chain mail        |       |       |    10 |     2 ||    12
       Acid dragon scale |       |       |       |    18 ||    18
Dodge: Dodged            |     5 |    23 |    26 |    32 ||    86

Table legend: (Time is in decaauts)
 A = Elapsed time spent in this place.
 B = Non-inter-level travel time spent in this place.
 C = Inter-level travel time spent in this place.
 D = Time resting spent in this place.
 E = Time spent auto-exploring this place.
 F = Levels seen in this place.
 G = Mean time per level.
                   A        B        C        D        E       F      G
               +--------+--------+--------+--------+--------+-----+--------+
         Total |   9970 |   9684 |    286 |    980 |   6848 |  10 |  997.0 |
       Dungeon |   9876 |   9613 |    263 |    980 |   6790 |   9 | 1097.3 |
        Temple |     94 |     71 |     23 |      0 |     58 |   1 |   94.0 |
               +--------+--------+--------+--------+--------+-----+--------+

Top non-repeatable levels by time:
     D:8: 1522 daAuts
     D:5: 1361 daAuts
     D:4: 1308 daAuts
     D:3: 1224 daAuts
     D:1: 1042 daAuts
     D:2: 989 daAuts
     D:7: 895 daAuts
     D:9: 774 daAuts
     D:6: 757 daAuts
  Temple: 94 daAuts
